 Dungeon Crawl Stone Soup version 0.24.0-13-gcf9b319 (webtiles) character file.

Game seed: 16155104241776104388, levelgen mode: deterministic

144 Bronimir the Conjurer (level 5, -5/46 HPs)
             Began as an Octopode Conjurer on Apr 18, 2020.
             Slain by a scorpion (7 damage)
             ... on level 4 of the Dungeon.
             The game lasted 00:06:37 (2596 turns).

Bronimir the Conjurer (Octopode Conjurer)           Turns: 2596, Time: 00:06:38

Health: -5/46      AC:  1    Str: 12      XL:     5   Next: 26%
Magic:  9/9        EV: 12    Int: 19      God:
Gold:   36         SH:  2    Dex:  9 (12) Spells: 3/9 levels left

rFire    . . .     SeeInvis .   a - +0 morningstar (protect)
rCold    . . .     Gourm    .   r - +0 buckler
rNeg     . . .     Faith    .   (helmet restricted)
rPois    .         Spirit   .   (no amulet)
rElec    .         Reflect  .   n - ring of stealth
rCorr    .         Harm     .   (no ring)
MR       .....                  (no ring)
Stlth    ..........             (no ring)
HPRegen  0.15/turn              (no ring)
MPRegen  0.11/turn              (no ring)
                                (no ring)
                                (no ring)

@: berserking, lethally poisoned (-5 -> -13), very quick
A: almost no armour, stealthy swim, amphibious, 8 rings, constrict 8, camouflage
1, gelatinous body 1
a: no special abilities


You were on level 4 of the Dungeon.
You were hungry.

You visited 1 branch of the dungeon, and saw 4 of its levels.

You collected 36 gold pieces.

Inventory:

Hand Weapons
 a - a +0 morningstar of protection (weapon)
 b - a +0 hunting sling
 c - a +0 dagger
 s - a +0 hand axe
Missiles
 d - 184 stones (quivered)
 h - 20 arrows
Armour
 r - a +0 buckler (worn)
Jewellery
 n - a ring of stealth (left tentacle)
Scrolls
 e - a scroll of remove curse {unknown}
 g - a scroll of noise {unknown}
 i - a scroll of teleportation
 j - 3 scrolls of blinking {unknown}
 m - a scroll of enchant armour {unknown}
 o - 2 scrolls of identify {unknown}
 p - 3 scrolls of fear {unknown}
Potions
 f - a potion of haste {unknown}
 k - a potion of berserk rage
 l - a potion of invisibility {unknown}
 t - 2 potions of magic
Comestibles
 q - 4 rations


   Skills:
 + Level 0.3 Fighting
 + Level 0.1 Short Blades
 * Level 2.5 Dodging
 - Level 2.6 Stealth
 * Level 2.9 Spellcasting
 * Level 5.5 Conjurations
 * Level 0.3 Hexes


You had 3 spell levels left.
You knew the following spells:

 Your Spells              Type           Power        Failure   Level  Hunger
a - Magic Dart            Conj           ###.         2%          1    None
b - Searing Ray           Conj           ###...       4%          2    ##.....
c - Dazzling Spray        Conj/Hex       ##....       22%         3    ###....

Your spell library contained the following spells:

 Spells                   Type           Power        Failure   Level  Hunger
 Iskenderun's Mystic Bla  Conj           ###.....     26%         4    ####...
 Fulminant Prism          Conj/Hex       ##........   58%         4    ####...
 Force Lance              Conj/Tloc      ##......     63%         4    ####...


Dungeon Overview and Level Annotations

Branches:
Dungeon (4/15)
 Temple: D:4-7

Altars:
Xom


Innate Abilities, Weirdness & Mutations

You cannot wear most types of armour.
You are very stealthy in the water. (Stealth+)
You are amphibious.
You can wear up to eight rings at the same time.
You can use your tentacles to constrict eight enemies at once.
Your skin changes colour to match your surroundings (Stealth+).
Your rubbery body absorbs attacks. (AC +1, EV +1)


Message History

The searing ray hits the scorpion but does no damage.
The scorpion is almost dead. (Press . to maintain the ray.)
The scorpion stings you!
* * * LOW HITPOINT WARNING * * *
You are more poisoned.
The scorpion poisons you!
It was a potion of magic.
Magic courses through your body.
* * * LOW HITPOINT WARNING * * *
You feel sick. You block the scorpion's attack.
It was a potion of berserk rage.
A red film seems to cover your vision as you go berserk!
You feel yourself moving faster!
You feel mighty!
* * * LOW HITPOINT WARNING * * *
You feel sick. The scorpion closely misses you.
You closely miss the scorpion. Your grab misses the scorpion.
The scorpion is almost dead.
* * * LOW HITPOINT WARNING * * *
You feel sick. The scorpion stings you!
You die...

#### #### #######... ..#
.........# #.#
.........####.##############
............................
..........s@................
........########.#.#........
.......[# #.#.+...^....
....$.$.# #.#.#........
..$.....# #.#..#.......
........# #.#[.#.......
.##....!# #.#..#.......
#.....# #.#.<#.#####'
#.....# #.# #.#.....


You could see a scorpion.

Vanquished Creatures
  An ogre (D:2)
  An adder (D:3)
  A leopard gecko (D:2)
  4 orcs
  3 ball pythons
  A bat (D:3)
  A giant cockroach (D:2)
  4 goblins
  5 hobgoblins
  5 jackals
  3 quokkas (D:2)
  5 frilled lizards
  4 kobolds
  7 rats
45 creatures vanquished.

Notes
Turn   | Place    | Note
-------+----------+-------------------------------------------
     0 | D:1      | Bronimir the Octopode Conjurer began the quest for the Orb.
     0 | D:1      | Reached XP level 1. HP: 11/11 MP: 3/3
   288 | D:1      | Reached XP level 2. HP: 17/17 MP: 3/5
   319 | D:1      | You fall into a shaft and drop 1 floor!
   415 | D:2      | Learned a level 2 spell: Searing Ray
   483 | D:2      | Noticed an ogre
  1050 | D:2      | Killed an ogre
  1050 | D:2      | Reached skill level 5 in Conjurations
  1050 | D:2      | Reached XP level 3. HP: 21/21 MP: 1/6
  1050 | D:2      | Reached XP level 4. HP: 27/27 MP: 1/7
  1198 | D:2      | Learned a level 3 spell: Dazzling Spray
  1618 | D:3      | Reached XP level 5. HP: 31/31 MP: 5/8
  1791 | D:3      | Found a shimmering altar of Xom.
  2596 | D:4      | HP: 2/46 [poisoned by a scorpion]
  2596 | D:4      | Slain by a scorpion

Levels and vault maps discovered:
D:1:      minmay_arrival_checkered_box, layout_basic
D:2:      layout_basic, minmay_pentomino_w2
D:3:      layout_loops_ring, xom_teletrap_fun, first_ration
D:4:      layout_basic, minivault_5, uniq_ijyb

Skill      XL: |  1  2 |
---------------+-------+-----
Conjurations   | 5 |  5.5
Fighting       | |  0.3
Short Blades   | |  0.1
Dodging        | |  2.5
Stealth        | |  2.6
Spellcasting   | |  2.9
Hexes          | |  0.3

Action                   |  1- 3 |  4- 6 || total
-------------------------+-------+-------++-------
Melee: Dagger            |     8 |       ||     8
       Constrict         |     2 |       ||     2
       Tentacles         |     1 |       ||     1
       Morningstar       |       |     1 ||     1
 Cast: Magic Dart        |    27 |    45 ||    72
       Searing Ray       |     3 |     4 ||     7
  Use: Potion            |     2 |     2 ||     4
       Scroll            |     1 |       ||     1
  Eat: Chunk             |       |     5 ||     5
Dodge: Dodged            |    20 |    12 ||    32
Block: Buckler           |       |     3 ||     3
